Map: Champ de stase EC

Players

BonBon - Winner!

  • Race: Protoss Protoss
  • Spawn Location: 11:00

zidar

  • Race: Zerg Zerg
  • League: Silver
  • Spawn Location: 1:00

VOD

Have the link to the VOD?

Description

Time

  • Played on: Dec. 27, 2018, 4:09 p.m.
  • Length: 6:17
Show
View Real Time Build Order
Export as new Build Order

BonBon Protoss - Winner!

Build Orders:  

Get SALT Encoding   

  12  0:01  Probe  
  13  0:13  Probe  
  14  0:22  Pylon  
  14  0:32  Pylon  
  14  0:34  Probe  
  15  0:47  Probe  
  16  0:53  Gateway  
  16  1:00  Forge  
  16  1:10  Pylon  
  16  1:12  Probe  
  17  1:22  Assimilator  
  17  1:35  Gateway  
  17  1:39  Photon Cannon  
  17  1:57  Cybernetics Core  
  17  1:59  Probe  
  18  2:06  Zealot  
  20  2:11  Probe  
  21  2:21  Photon Cannon  
  21  2:23  Probe  
  22  2:35  Probe  
  23  2:48  Probe  
  24  3:00  Probe  
  24  3:03  Assimilator  
  25  3:12  Probe  
  26  3:24  Probe  
  26  3:26  Stargate  
  27  3:49  Zealot  
  29  4:04  Nexus  
  29  4:13  Probe  
  29  4:16  Zealot  
  32  4:22  Void Ray  
  32  4:25  Probe  
  37  4:36  Pylon  
  37  4:37  Probe  
  38  4:49  Probe, Pylon  
  39  4:54  Zealot  
  41  5:01  Probe  
  41  5:05  Photon Cannon  
  42  5:21  Zealot  
  44  5:36  Probe  
  44  5:40  Assimilator  
  45  5:45  Assimilator  
  45  5:48  Probe  
  52  6:00  Probe  
Show
View Real Time Build Order
Export as new Build Order

zidar Zerg 

Build Orders: Hatch First 

Get SALT Encoding   

  12  0:03  Drone  
  13  0:13  Overlord  
  13  0:18  Drone  
  14  0:31  Drone x2  
  17  0:42  Drone  
  17  0:57  Drone  
  17  1:01  Hatchery  
  17  1:10  Spawning Pool  
  18  1:11  Drone  
  18  1:25  Hatchery  
  18  1:28  Drone  
  18  1:31  Extractor  
  17  1:33  Drone  
  18  1:49  Drone  
  18  1:51  Overlord  
  19  2:00  Queen  
  21  2:03  Zergling x2  
  21  2:38  Drone  
  21  2:39  Queen  
  24  2:44  Hatchery  
  24  2:50  Queen  
  25  2:53  Drone x3  
  27  3:52  Lair  
  27  4:02  Drone x3  
  30  4:03  Drone x11  
  41  4:23  Extractor  
  40  4:27  Extractor  
  39  4:32  Metabolic Boost  
  39  4:42  Roach Warren  
  38  4:50  Drone x3  
  41  4:56  Overlord  
  41  4:57  Overlord x2  
  41  5:27  Pneumatized Carapace  
  41  6:08  Spore Crawler  
Tags
 
League
Silver
Matchup
PvZ
Spawn Locations
Close Positions
Add a new tag
Caveats
  • Supply blocks, unpowered buildings, or Contaminate may cause inaccurate times.
  • Supply counts are checked every 10 seconds.